 Dungeon Crawl Stone Soup version 0.27-a0-887-gcab673c142 (webtiles) character file.

Game seed: 18103075685071202182

4035 leviel the Cleaver (level 10, -8/84 HPs)
             Began as a Hill Orc Fighter on Apr 4, 2021.
             Was an Initiate of Makhleb.
             Mangled by a centaur warrior
             ... wielding a +3 trident
              (12 damage)
             ... on level 9 of the Dungeon.
             The game lasted 00:25:02 (12074 turns).

leviel the Cleaver (Hill Orc Fighter)              Turns: 12074, Time: 00:25:03

Health: -8/84      AC: 13    Str: 23    XL:     10   Next: 24%
Magic:  12/12      EV:  6    Int:  8    God:    Makhleb [......]
Gold:   170        SH: 12    Dex: 10    Spells: 9/9 levels left

rFire    . . .     SeeInvis .   h - +5 hand axe (vorpal)
rCold    + . .     Faith    .   c - +1 kite shield
rNeg     . . .     Spirit   .   k - +0 plate armour
rPois    .         Reflect  .   (no helmet)
rElec    .         Harm     .   (no cloak)
rCorr    .         Rampage  .   (no gloves)
Will     .....                  (no boots)
Stlth    ..........             (no amulet)
HPRegen  0.24/turn              g - ring of protection from cold
MPRegen  0.13/turn              (no ring)

@: no status effects
A: no striking features
a: Renounce Religion


You were on level 9 of the Dungeon.
You worshipped Makhleb.
Makhleb was noncommittal.
You visited 2 branches of the dungeon, and saw 10 of its levels.
You also visited: Ossuary.

You collected 413 gold pieces.
You spent 243 gold pieces at shops.

Inventory:

Hand Weapons
 a - a +0 war axe
 h - a +5 vorpal hand axe (weapon)
Armour
 c - a +1 kite shield (worn)
 k - a +0 plate armour (worn)
Jewellery
 g - a ring of protection from cold (left hand)
 m - an amulet of the acrobat
Wands
 d - a wand of charming (14) (quivered)
 t - a wand of polymorph (2)
Scrolls
 f - 3 scrolls of identify
 i - 2 scrolls of fog
 l - 2 scrolls of magic mapping
 o - a scroll of enchant weapon {unknown}
 q - a scroll of amnesia
Potions
 n - a potion of brilliance
 u - 3 potions of mutation
Miscellaneous
 e - a condenser vane


   Skills:
 + Level 6.8 Fighting
 + Level 11.5 Axes
 + Level 8.3 Armour
 + Level 2.1 Dodging
 + Level 1.6 Stealth
 + Level 7.2 Shields
 * Level 3.0 Invocations
 * Level 2.4 Evocations


You had 9 spell levels left.
You didn't know any spells.
Your spell library contained the following spells:

 Spells                   Type           Power      Damage    Failure   Level
 Corona                   Hex            0%         N/A       100%        1
 Magic Dart               Conj           0%         1d3       100%        1
 Sting                    Tmut/Pois      0%         1d3       100%        1
 Summon Small Mammal      Summ           0%         N/A       100%        1
 Blink                    Tloc           N/A        N/A       100%        2
 Call Imp                 Summ           0%         N/A       100%        2
 Ensorcelled Hibernation  Hex/Ice        0%         N/A       100%        2
 Slow                     Hex            0%         N/A       100%        2
 Wereblood                Tmut           0%         N/A       100%        2
 Call Canine Familiar     Summ           0%         N/A       100%        3
 Confusing Touch          Hex            0%         N/A       100%        3
 Conjure Flame            Conj/Fire      0%         6-21      100%        3
 Dazzling Flash           Conj/Hex       0%         N/A       100%        3
 Ignite Poison            Fire/Tmut/Pois 0%         N/A       100%        3
 Inner Flame              Hex/Fire       0%         N/A       100%        3
 Mephitic Cloud           Conj/Pois/Air  0%         N/A       100%        3
 Portal Projectile        Hex/Tloc       0%         N/A       100%        3
 Summon Guardian Golem    Hex/Summ       0%         N/A       100%        3
 Tukima's Dance           Hex            0%         N/A       100%        3
 Cause Fear               Hex            0%         N/A       100%        4
 Leda's Liquefaction      Hex/Erth       0%         N/A       100%        4
 Summon Ice Beast         Ice/Summ       0%         N/A       100%        4
 Summon Lightning Spire   Summ/Air       0%         N/A       100%        4
 Blade Hands              Tmut           0%         N/A       100%        6


Dungeon Overview and Level Annotations

Branches:
Dungeon (9/15)             Temple (1/1) D:6         Ossuary (visited)
   Lair: D:8-11         Orc: D:9-12

Altars:
Ashenzari
Cheibriados
Dithmenos
Elyvilon
Fedhas
Gozag
Hepliaklqana
Kikubaaqudgha
Makhleb
Nemelex Xobeh
Okawaru
Ru
Sif Muna
Trog
Uskayaw
Vehumet
Wu Jian
Xom
Yredelemnul
Zin
The Shining One

Shops:
D:2 ?*:(   D:4 *   D:5 [   D:7 ?

Annotations:
D:6 Menkaure
D:7 1 runed translucent door, Crazy Yiuf
D:8 1 transporter, Grum


Message History

The centaur warrior kicks you but does no damage.
The centaur warrior hits you with a +3 trident.
The centaur warrior completely misses you.
Your plate armour prevents you from hitting the centaur warrior.
The centaur warrior is moderately wounded.
The centaur warrior hits you with a +3 trident!
The centaur warrior kicks you.
You closely miss the centaur warrior.
The centaur warrior is moderately wounded.
The centaur warrior hits you with a +3 trident!
The centaur warrior kicks you but does no damage.
You slash the centaur warrior!
The centaur warrior is heavily wounded.
The centaur warrior hits you with a +3 trident.
* * * LOW HITPOINT WARNING * * *
The centaur warrior barely misses you.
You block the centaur warrior's attack. x2
You closely miss the centaur warrior.
The centaur warrior is heavily wounded.
You block the centaur warrior's attack. x2
You slash the centaur warrior!
The centaur warrior is severely wounded.
You hit the kobold.
You kill the kobold!
Makhleb accepts your kill. You block the centaur warrior's attack.
The centaur warrior kicks you but does no damage.
You barely miss the centaur warrior.
The centaur warrior is severely wounded.
You hit the howler monkey zombie.
The centaur warrior hits you with a +3 trident!
* * * LOW HITPOINT WARNING * * *
You block the centaur warrior's attack.
The howler monkey zombie completely misses you.
The centaur warrior hits you with a +3 trident.
* * * LOW HITPOINT WARNING * * *
The centaur warrior kicks you but does no damage.
As you read the scroll of fog, it crumbles to dust.
The scroll dissolves into smoke.
The centaur warrior hits you with a +3 trident!
You die...

#########################
#.........#..............
#>..C.....#..............
##........#..............
##..##..##########..#####
#...##§§######..##..#####
#...##§Z#§<.)...#)......#
##+####§c@§§.#...#.......#
#8.8#+.§§#§§.#...).......#
#8y8############+###.##.##
#8.8#.#.#######)(###.##.##
+..K'..##..'..............
##8##)y§#..#..............
#######K##.##.....##..#..#
.... #KK#÷##.....##..####
⌠...h #..#.#......'....#


You could see a centaur warrior and a howler monkey zombie.

Vanquished Creatures
  A hornet (D:9)
  A basilisk (D:9)
  3 steam dragons
  An acid dragon (D:9)
  An ice beast (D:7)
  4 orc warriors
  A water moccasin (D:8)
  3 sky beasts
  A black bear (D:7)
  An ogre (D:5)
  A centaur (D:6)
  A bullfrog (D:7)
  A kobold brigand (D:6)
  A gnoll sergeant (D:7)
  4 scorpions
  A wyvern zombie (D:7)
  A howler monkey (D:5)
  A centaur zombie (D:7)
  5 crimson imps
  A human zombie (Ossuary)
  4 bullfrog skeletons
  2 hounds (D:6)
  4 jellies
  3 orc priests (D:6)
  6 iguanas
  5 orc wizards
  2 hound skeletons (D:4)
  5 mummies (Ossuary)
  4 adders
  2 gnolls (D:6)
  A white imp (D:5)
  An ufetubus (D:5)
  A worm (D:2)
  2 dart slugs
  27 orcs
  6 endoplasms
  2 giant cockroaches (D:2)
  3 goblins (D:1)
  4 hobgoblins
  12 jackals
  3 quokkas
  10 ball pythons
  6 bats
  2 frilled lizards
  4 gnoll zombies (Ossuary)
  A goblin zombie (Ossuary)
  A hobgoblin zombie (Ossuary)
  19 kobolds
  A kobold zombie (Ossuary)
  5 rats
182 creatures vanquished.

Vanquished Creatures (collateral kills)
  A hornet (D:7)
  A yak (D:9)
  A kobold brigand (D:9)
3 creatures vanquished.

Vanquished Creatures (others)
  A yak (D:9)
  6 plants (D:8)
7 creatures vanquished.

Grand Total: 192 creatures vanquished

Notes
Turn   | Place    | Note
-------+----------+-------------------------------------------
     0 | D:1      | leviel the Hill Orc Fighter began the quest for the Orb.
     0 | D:1      | Reached XP level 1. HP: 19/19 MP: 1/1
   191 | D:1      | Reached XP level 2. HP: 27/27 MP: 2/2
   241 | D:1      | Reached skill level 3 in Axes
   469 | D:1      | Reached XP level 3. HP: 33/33 MP: 3/3
   525 | D:1      | Found a faded altar of an unknown god.
  1396 | D:2      | Reached XP level 4. HP: 39/40 MP: 4/4
  1442 | D:2      | Found Jaolurom's Antique Weapon Shoppe.
  1711 | D:2      | Found Zilor's Book Shop.
  1713 | D:2      | Found Tuphe's Assorted Antiques.
  1875 | D:2      | Found Muro's Magic Scroll Boutique.
  2816 | D:3      | Found a broken altar of Ashenzari.
  2849 | D:3      | Reached skill level 4 in Axes
  3215 | D:3      | Identified the Compendium of Moulding
  3494 | D:4      | Reached XP level 5. HP: 42/46 MP: 5/5
  3538 | D:4      | Found a sand-covered staircase.
  3563 | Ossuary  | Entered an ossuary
  3644 | Ossuary  | HP: 1/46 [mummy (11)]
  3649 | Ossuary  | Reached skill level 5 in Axes
  4109 | Ossuary  | Reached XP level 6. HP: 51/53 MP: 6/6
  4180 | D:4      | Found Biakool's General Store.
  4188 | D:4      | Reached skill level 1 in Stealth
  4215 | D:4      | Bought a potion of curing for 30 gold pieces
  4307 | D:2      | Bought a glowing hand axe for 138 gold pieces
  4429 | D:4      | Reached skill level 6 in Axes
  4429 | D:4      | Reached skill level 1 in Dodging
  4586 | D:4      | Found a shimmering altar of Xom.
  4669 | D:4      | Reached XP level 7. HP: 41/60 MP: 7/7
  4767 | D:4      | Found a large runed translucent door.
  4775 | D:4      | Found a large runed translucent door.
  5024 | D:4      | Found a sparkling altar of Nemelex Xobeh.
  5029 | D:4      | Reached skill level 7 in Axes
  5032 | D:4      | Found a blossoming altar of Fedhas.
  5085 | D:5      | Entered Level 5 of the Dungeon
  5218 | D:5      | Reached skill level 5 in Armour
  5440 | D:5      | Reached skill level 5 in Fighting
  5594 | D:5      | Found an opulent altar of Gozag.
  5662 | D:5      | Reached XP level 8. HP: 68/68 MP: 8/8
  5671 | D:5      | Reached skill level 5 in Shields
  5793 | D:5      | Found Biongon's Armour Shoppe.
  5802 | D:5      | Reached skill level 8 in Axes
  6911 | D:6      | Reached skill level 9 in Axes
  7059 | D:6      | Found a staircase to the Ecumenical Temple.
  7344 | D:6      | Reached XP level 9. HP: 46/75 MP: 9/9
  7797 | D:6      | Noticed Menkaure
  8055 | D:7      | Reached skill level 10 in Axes
  8596 | D:7      | Found a shadowy altar of Dithmenos.
  8599 | D:7      | Found Gunuocafex's Magic Scroll Emporium.
  8622 | D:7      | Bought a scroll of blinking for 75 gold pieces
  9050 | D:7      | Reached skill level 1 in Evocations
  9212 | D:7      | Reached skill level 11 in Axes
  9527 | D:7      | Noticed a hornet
  9536 | D:7      | Killed a hornet
  9563 | D:7      | Found a runed translucent door.
  9564 | D:7      | Noticed Crazy Yiuf
  9602 | D:7      | You fall into a shaft and drop 2 floors!
  9615 | D:9      | Noticed an efreet
  9848 | D:7      | Found a snail-covered altar of Cheibriados.
  9969 | D:7      | Found a basalt altar of Yredelemnul.
 10336 | Temple   | Entered the Ecumenical Temple
 10359 | Temple   | Became a worshipper of Makhleb the Destroyer
 10794 | D:8      | Noticed Grum
 10822 | D:8      | Found a transporter.
 10972 | D:8      | Found a glowing silver altar of Zin.
 11322 | D:9      | Reached XP level 10. HP: 82/84 MP: 10/10
 11353 | D:9      | Paralysed by a hornet for 1 turns
 11371 | D:9      | Noticed a cyclops
 11380 | D:9      | Paralysed by a hornet for 2 turns
 11507 | D:9      | Paralysed by a hornet for 2 turns
 11513 | D:9      | Killed a hornet
 12063 | D:9      | Noticed a centaur warrior
 12073 | D:9      | HP: 4/84 [centaur warrior/+3 trident (3)]
 12074 | D:9      | Mangled by a centaur warrior

Illustrated notes

Levels and vault maps discovered:
D:1:      minmay_arrival_nine_rooms, layout_basic,
          chequers_ecumenical_altar_grove, minmay_statues_item
D:2:      layout_basic, serial_shops, shop, nicolae_shop_crystal, shop,
          nicolae_shop_waterfront, kennysheep_nondescript, minmay_between
D:3:      layout_loops_ring, ashenzari_conservatory_becter, serial_bayou_pond_e
D:4:      layout_cave_pools, led_xom_imps, jmf_multi_god_temple2, serial_shops,
          shop, nicolae_ossuary_entry_plus
D:5:      layout_loops_ring, old_standard_altar, serial_shops, shop,
          minmay_fire_ice_demons
D:6:      layout_basic, minmay_temple_entry_grid, kennysheep_potato,
          uniq_menkaure
D:7:      layout_basic, nicolae_overflow_crystal_walls, general_overflow_altar,
          kennysheep_slug_shrine, serial_shops, shop, hangedman_minor_gate_pass,
          uniq_crazy_yiuf_cottage
D:8:      layout_gridville, zin_statuary, gammafunk_ghost_gnarly_gnolls,
          serial_ice, serial_ice_k, serial_ice_d, serial_ice_m, serial_ice_c
D:9:      minmay_chambers_of_sevens, layout_gridville, minmay_radiant
Temple:   nicolae_temple_no_exploring_needed

Skill      XL: |  1  2  3  4  5  6  7  8  9 10 |
---------------+-------------------------------+-----
Axes           | 3 4 5 6 7 9 11 | 11.5
Fighting       | 4 5 6 |  6.8
Armour         | 4 5 6 8 |  8.3
Shields        | 4 5 7 |  7.2
Stealth        | 1 |  1.6
Dodging        | 1 2 |  2.1
Evocations     | 2 |  2.4
Invocations    | 3 |  3.0

Action                   |  1- 3 |  4- 6 |  7- 9 | 10-12 || total
-------------------------+-------+-------+-------+-------++-------
Melee: War axe           |   142 |   163 |       |       ||   305
       Hand axe          |       |    40 |   321 |    30 ||   391
Evoke: Wand              |       |       |     5 |     5 ||    10
  Use: Potion            |       |     3 |     7 |     3 ||    13
       Scroll            |       |    12 |     7 |     2 ||    21
 Stab: Invisible         |       |     1 |       |       ||     1
Armor: Scale mail        |    94 |    83 |    16 |       ||   193
       Plate armour      |       |       |   127 |    23 ||   150
Dodge: Dodged            |    62 |    63 |    78 |     9 ||   212
Block: Kite shield       |    98 |    84 |   186 |    19 ||   387

Table legend: (Time is in decaauts)
 A = Elapsed time spent in this place.
 B = Non-inter-level travel time spent in this place.
 C = Inter-level travel time spent in this place.
 D = Time resting spent in this place.
 E = Time spent auto-exploring this place.
 F = Levels seen in this place.
 G = Mean time per level.
                   A        B        C        D        E       F      G
               +--------+--------+--------+--------+--------+-----+--------+
         Total |  12225 |  11745 |    480 |   3108 |   6797 |  11 | 1111.4 |
       Dungeon |  11575 |  11096 |    479 |   2769 |   6645 |   9 | 1286.1 |
        Temple |     32 |     32 |      0 |      0 |      0 |   1 |   32.0 |
       Ossuary |    617 |    617 |      0 |    338 |    152 |   1 |  617.0 |
               +--------+--------+--------+--------+--------+-----+--------+

Top non-repeatable levels by time:
     D:7: 2583 daAuts
     D:6: 1744 daAuts
     D:2: 1458 daAuts
     D:5: 1310 daAuts
     D:3: 1107 daAuts
     D:1: 1080 daAuts
     D:4: 975 daAuts
     D:9: 807 daAuts
 Ossuary: 617 daAuts
     D:8: 508 daAuts
  Temple: 32 daAuts
